 Dungeon Crawl Stone Soup version 0.20.1-1-g8b1a95d (webtiles) character file.

15 equalderp2856 the Magician (level 2, -1/19 HPs)
             Began as a Mummy Wizard on Oct 23, 2017.
             Killed from afar by a dart slug (3 damage)
             ... with a slug dart
             ... on level 1 of the Dungeon.
             The game lasted 00:02:24 (522 turns).

equalderp2856 the Magician (Mummy Wizard)            Turns: 522, Time: 00:02:24

Health: -1/19      AC: 10    Str: 10    XL:     2   Next: 34%
Magic:  6/7        EV:  1    Int: 17    God:
Gold:   5          SH:  0    Dex: 10    Spells: 9/10 levels left

rFire    x . .     SeeInvis .   (no weapon)
rCold    + . .     Gourm    .   (no shield)
rNeg     + + +     Faith    .   d - +0 plate armour
rPois    ∞         Spirit   .   b - +0 hat
rElec    .         Reflect  .   (no cloak)
rCorr    .         Harm     .   (no gloves)
MR       .....                  (no boots)
Stlth    ..........             (no amulet)
Regen    0.1/turn               (no ring)
MPRegen  0.1/turn               (no ring)

@: very slightly contaminated
A: no food or potions, fire vulnerability, cold resistance 1, negative energy
resistance 3, torment resistance, unbreathing
a: no special abilities


You were on level 1 of the Dungeon.
You were not hungry.

You visited 1 branch of the dungeon, and saw 1 of its levels.

You collected 5 gold pieces.

Inventory:

Armour
 a - a +0 robe
 b - a +0 hat (worn)
 d - a +0 plate armour (worn)
 e - a +0 plate armour
Books
 c - a book of Minor Magic

   Spells                             Type                      Level
   a - Magic Dart                     Conjuration                  1
   b - Blink                          Translocation                2
   c - Call Imp                       Summoning                    2
   d - Slow                           Hexes                        2
   e - Conjure Flame                  Conjuration/Fire             3
   f - Mephitic Cloud                 Conjuration/Poison/Air       3


   Skills:
 + Level 1.7 Dodging
 + Level 1.7 Stealth
 + Level 4.5 Spellcasting
 + Level 1.0 Conjurations
   Level 0.7 Summonings
   Level 0.7 Translocations


You had 9 spell levels left.
You knew the following spells:

 Your Spells              Type           Power        Failure   Level  Hunger
a - Magic Dart            Conj           #...         100%        1    N/A

Dungeon Overview and Level Annotations

Branches:
Dungeon (1/15)

Altars:


Innate Abilities, Weirdness & Mutations

You do not eat or drink.
Your flesh is vulnerable to fire.
You are immune to poison.
Your flesh is cold resistant. (rC+)
You are immune to negative energy. (rN+++)
You are immune to unholy pain and torment.
You can survive without breathing.


Message History

The dart slug is moderately wounded.
The dart slug launches a dart at you. The slug dart hits you!
* * * LOW HITPOINT WARNING * * *
Casting: Magic Dart
Confirm with . or Enter, or press ? or * to list all spells.
Aiming: Magic Dart
Press: ? - help, Shift-Dir - straight line, f/p - dart slug
Aim: a dart slug (moderately wounded, clinging)
You miscast Magic Dart.
You feel a strange surge of energy!
As you read the scroll labeled JAMOMMEFFO, it crumbles to dust.
It is a scroll of identify.
e - a +0 plate armour The dart slug bites you but does no damage.
The dart slug launches a dart at you. The slug dart hits you!
You see here a lumpy silvery potion.
The dart slug launches a dart at you. The slug dart hits you!
You die...

.##.................#
.##.................#
....†...............#
..#................#
..####.............
...###...†#.##### #
.(....##......#####.####
..###...#.....##.......#
..# ###.#.....##@......#
.>. #....w..!........#
###.....##.......#
#.....##........
#.....%.........
#.....###.......
#......# .......
#.###### ....... ..
......


You could see a dart slug.

Vanquished Creatures
  A giant cockroach (D:1)
  3 hobgoblins (D:1)
  2 kobolds (D:1)
  3 bats (D:1)
  2 frilled lizards (D:1)
  2 goblins (D:1)
  2 rats (D:1)
15 creatures vanquished.

Notes
Turn   | Place    | Note
-------+----------+-------------------------------------------
     0 | D:1      | equalderp2856 the Mummy Wizard began the quest for the Orb.
     0 | D:1      | Reached XP level 1. HP: 13/13 MP: 5/5
   266 | D:1      | Reached XP level 2. HP: 17/19 MP: 0/7
   310 | D:1      | Reached skill level 1 in Conjurations
   522 | D:1      | Killed from afar by a dart slug

Skill      XL: |  1  2 |
---------------+-------+-----
Conjurations   | 1 |  1.0
Dodging        | |  1.7
Stealth        | |  1.7
Spellcasting   | |  4.5
Summonings     | |  0.7
Translocations | |  0.7

Action                   || total
-------------------------++-------
Melee: Unarmed           ||    34
 Cast: Magic Dart        ||    30
  Use: Scroll            ||     1
Armor: Robe              ||    10
       Plate armour      ||     7
Dodge: Dodged            ||    28
